 Dungeon Crawl Stone Soup version 0.21.1-1-g345015f (webtiles) character file.

151 sking99 the Chopper (level 5, 0/70 HPs)
             Began as a Hill Orc Monk on June 13, 2018.
             Succumbed to a kobold's poison
             ... on level 3 of the Dungeon.
             The game lasted 00:12:58 (2936 turns).

sking99 the Chopper (Hill Orc Monk)                 Turns: 2936, Time: 00:12:58

Health: 0/70       AC: 22    Str: 15    XL:     5   Next: 33%
Magic:  5/5        EV:  2    Int: 10    God:
Gold:   166        SH:  0    Dex: 18    Spells: 4/4 levels left

rFire    . . .     SeeInvis .   a - +0 hand axe
rCold    . . .     Gourm    .   (no shield)
rNeg     + + +     Faith    .   (armour currently unavailable)
rPois    +         Spirit   .   (helmet currently unavailable)
rElec    .         Reflect  .   (cloak currently unavailable)
rCorr    .         Harm     .   (gloves currently unavailable)
MR       .....     NoTele   +   (boots currently unavailable)
Stlth    +++.......             (no amulet)
HPRegen  0.21/turn              (no ring)
MPRegen  0.09/turn              (no ring)

@: agile, lethally poisoned (0 -> -2), tree-form
A: no striking features
a: no special abilities


You were on level 3 of the Dungeon.
You were not hungry.
You were a tree.
You visited 1 branch of the dungeon, and saw 3 of its levels.

You collected 166 gold pieces.

Inventory:

Hand Weapons
 a - a +0 hand axe (weapon)
 l - a +0 spear
Armour
 b - a +0 robe
 o - a +0 scale mail (melded)
Jewellery
 e - an uncursed ring of ice {unknown}
 g - an uncursed ring of see invisible {unknown}
 i - an uncursed ring of ice {unknown}
Scrolls
 f - a scroll of enchant armour {unknown}
 h - a scroll of amnesia {unknown}
 j - a scroll of identify {unknown}
 k - a scroll of teleportation {unknown}
 m - a scroll of enchant weapon {unknown}
 n - a scroll of remove curse {unknown}
 q - a scroll of fog {unknown}
Comestibles
 c - 3 rations


   Skills:
 + Level 4.7 Fighting
 + Level 5.9 Axes
 * Level 2.6 Armour
 - Level 2.4 Dodging
 - Level 1.5 Stealth


You had 4 spell levels left.
You didn't know any spells.

Dungeon Overview and Level Annotations

Branches:
Dungeon (3/15)

Altars:
Ashenzari
Nemelex Xobeh
Trog

Annotations:
D:3 Natasha


Message History

Natasha mumbles some strange words.
The kobold hits you but does no damage.
You hit the kobold.
You kill the kobold!
You completely miss Natasha.
* * * LOW HITPOINT WARNING * * *
You feel sick. Natasha claws you but does no damage.
The white imp gestures at you. The puff of frost hits you!
You cannot move.
Unknown command.
You cannot move.
Unknown command.
You hit Natasha but do no damage.
Natasha is moderately wounded.
Natasha barely misses you.
You barely miss Natasha.
Natasha is moderately wounded.
You hit the white imp but do no damage.
You die...

...# ##. # #..# ###... #. #..#
######....# #.#.#####..#
....#....# ..........#
#####...## .# #...$..#######
.........###..# #.((.(.†......
..............###)###(########
...............5♣.# #.#
.###.#.#.###.###h## #.# .#
#..#..# #5# #.#
.###.###.###.###.####.# ..#.##
##.............#
..##.###.#######.######
..##..#..# #.# ..##.#.#.###
#.# .........(.# #.#


You could see Natasha, a crimson imp and a white imp.

Vanquished Creatures
  Natasha (twice) (D:3)
  3 adders (D:2)
  3 worms (D:2)
  4 dart slugs
  2 leopard geckos
  A ball python (D:1)
  5 bats
  3 giant cockroaches
  8 goblins
  9 hobgoblins
  2 jackals (D:3)
  A quokka (D:2)
  2 frilled lizards (D:1)
  6 kobolds
  8 rats
59 creatures vanquished.

Notes
Turn   | Place    | Note
-------+----------+-------------------------------------------
     0 | D:1      | sking99 the Hill Orc Monk began the quest for the Orb.
     0 | D:1      | Reached XP level 1. HP: 19/19 MP: 1/1
   215 | D:1      | Reached XP level 2. HP: 27/27 MP: 2/2
   435 | D:1      | Found a sparkling altar of Nemelex Xobeh.
   702 | D:1      | Reached skill level 1 in Armour
   817 | D:1      | Reached XP level 3. HP: 33/33 MP: 3/3
  1166 | D:2      | Reached skill level 5 in Axes
  1477 | D:2      | Reached XP level 4. HP: 23/41 MP: 4/4
  2369 | D:2      | Noticed a moth of wrath
  2372 | D:2      | Found a bloodstained altar of Trog.
  2814 | D:3      | Noticed Natasha
  2825 | D:3      | Killed Natasha
  2825 | D:3      | Reached XP level 5. HP: 39/47 MP: 5/5
  2847 | D:3      | Found a shattered altar of Ashenzari.
  2894 | D:3      | Noticed Natasha
  2909 | D:3      | Killed Natasha
  2928 | D:3      | Noticed Natasha
  2932 | D:3      | HP: 2/70 [Natasha (6)]
  2936 | D:3      | Succumbed to a kobold's poison

Skill      XL: |  1  2  3  4 |
---------------+-------------+-----
Fighting       | 4 |  4.7
Armour         | 1 2 |  2.6
Axes           | 5 |  5.9
Dodging        | |  2.4
Stealth        | |  1.5

Action                   |  1- 3 |  4- 6 || total
-------------------------+-------+-------++-------
Melee: Hand axe          |   115 |   146 ||   261
  Use: Potion            |       |     2 ||     2
 Stab: Sleeping          |     1 |     2 ||     3
  Eat: Ration            |     1 |     1 ||     2
       Chunk             |       |     1 ||     1
Armor: Robe              |    23 |     3 ||    26
       Scale mail        |       |    37 ||    37
       Skin              |       |     9 ||     9
Dodge: Dodged            |    74 |    57 ||   131
